cohdb
Replays
Latest Replays
All Replays
Popular Replays
Top Player Replays
Match Explorer
How It Works
Community
CoH3 Stats
Reddit
Sign in to upload your games and track your stats! →
Sign in with Steam
Match 42011716
Unlisted
Match 42011716
Overview
Messages
Build Orders
End
Engineer Squad
Selects Heavy Weapons
Construct Weapon Support Center
M1919 Machine Gun Team
M1919 Machine Gun Team
Engineer Squad
M1919 Machine Gun Team
Infantry Support Center
Selects M2HB .50cal Heavy Machine Gun
Engineer Squad
M3 Armored Personnel Carrier
Selects Assault Carriers
Bazooka Squad
Selects Halftrack Strongpoints
Construct Motor Pool
M1 Anti-tank Gun Team
M8 Greyhound Armored Car
M1919 Machine Gun Team
M1 Anti-tank Gun Team
M1919 Machine Gun Team
Sniper
Engineer Squad
Engineer Squad
Engineer Squad
Construct Medical Station
Selects M26 Pershing Heavy Tank
AI Takeover
Kitsuné
RtN.momo4sho
0
0
Comments
sign in to comment!
No comments posted yet!